Unix NetHack Version 5.0.0-0 post-release - last build May 31 2026 23:59:36 (970b52f25bf058293b47ddfd14a1e40e571c508c,branch:main).

Game began 2026-06-04 11:33:41, ended 2026-06-04 12:23:32.

Drastanta, lawful male human Knight

                                                                  --
                                                                 --.-
                                                                 |...--
                                                                 |....G----
                                                               ---........|
                                                               |..........|
                                                               |.........G--
                                                               -..)....@...-
                                                              -.............-
                                                           ..>...............|
                                                         -...........*.G.....|
                                                         --... --.......--.-.|
                                                          |.    ---.....- -. |
                                                          --      ----..
                                                                      .(
                                                                      -.
                                                                       .
                                                                       .-
                                                                      ---

Drastanta the Bachelor   St:15 Dx:10 Co:11 In:8 Wi:15 Ch:18  Lawful
Dlvl:11 $:112 HP:0(47) Pw:49(49) AC:1  Xp:6 T:4119  Deaf Conf

Latest messages:
 You are momentarily blinded by a flash of light!
 You hear a deafening roar!
 Wait!  There's something there you can't see!
 It butts!
 It just misses!
 It butts!
 It misses!
 You miss it.
 It misses!
 It kicks!
 It kicks!
 It misses!
 It kicks!
 It bites!
 It kicks!
 It bites!
 You hit it.
 It kicks!
 It bites!
 What do you want to zap? [jRW or ?*] ?
 In what direction? >
 You dig a hole through the floor.
 You fall through...
 Are you sure you want to pray? [yn] (n) y
 You begin praying to Lugh.
 You finish your prayer.
 You feel that Lugh is displeased.
 What do you want to read? [ir or ?*] i
 As you pronounce the formula on it, the scroll disappears.
 N - a blessed potion of oil.
 What do you want to read? [ir or ?*] i
 As you pronounce the formula on it, the scroll disappears.
 C - an uncursed potion of object detection.
 What do you want to drink? [pCLNV or ?*] C
 You detect the presence of objects.
 (For instructions type a '?')
 Done.
 What do you want to drink? [pLNV or ?*] ?
 Huh, What?  Where am I?
 It misses!
 You can see again.
 You already found a monster.  Use 'm' prefix to force another search.
 Pick a monster, object or location.
 What do you want to zap? [jRW or ?*] ?
 In what direction? >
 You dig a hole through the floor.
 You fall through...
 You die...
 Do you want your possessions identified? [ynq] (y) y
 Do you want to see your attributes? [ynq] (y) q

Inventory:
 Coins    ('$')
  $ - 112 gold pieces
 Weapons  (')')
  a - a blessed rusty corroded +1 long sword (weapon in right hand)
 Armor    ('[')
  d - an uncursed +0 helmet (being worn)
  Z - a blessed +1 pair of leather gloves (being worn)
  s - an uncursed +0 pair of kicking boots (being worn)
  l - an uncursed +0 small shield (being worn)
  t - an uncursed +0 dwarvish cloak (being worn)
  c - a blessed +1 ring mail (being worn)
 Comestibles  ('%')
  h - 11 uncursed carrots
  D - an uncursed food ration
 Scrolls  ('?')
  r - an uncursed scroll of stinking cloud
 Potions  ('!')
  L - an uncursed potion of monster detection
  N - a blessed potion of oil
  V - an uncursed potion of sickness
 Rings    ('=')
  A - an uncursed ring of poison resistance (on right hand)
 Wands    ('/')
  j - a wand of digging (0:1)
  W - a wand of magic missile (0:4)
  R - a blessed wand of polymorph (0:6)
 Tools    ('(')
  X - an uncursed bag of holding containing 1 item
  K - an uncursed blindfold
  T - an uncursed skeleton key
  u - an uncursed tin whistle
  E - an uncursed tin whistle
  U - an uncursed wax candle

Contents of the bag of holding:
  an uncursed apple

Drastanta the Knight's attributes:

Background:
 You were a Bachelor, a level 6 male human Knight.
 You were lawful, on a mission for Lugh
 who was opposed by Brigit (neutral) and Manannan Mac Lir (chaotic).
 You were right-handed.
 You were in the Gnomish Mines, on level 11.
 You entered the dungeon 4119 turns ago.
 You had 621 experience points, 19 more were needed to attain level 7.

Basics:
 You had 0 out of 47 hit points.
 You had all 49 energy points (spell power).
 Your armor class was 1.
 Your wallet contained 112 zorkmids.
 Autopickup was on for '$' plus thrown.

Final Characteristics:
 Your strength was 15 (limit:18/100).
 Your dexterity was 10 (limit:18).
 Your constitution was 11 (peak:12, limit:18).
 Your intelligence was 8 (limit:18).
 Your wisdom was 15 (limit:18).
 Your charisma was 18 (limit:18).

Final Status:
 You were confused.
 You were deaf.
 You weren't hungry.
 You were unencumbered.
 You were wielding a long sword.
 You were skilled in long sword.

Final Attributes:
 You were piously aligned.
 Your items were somewhat protected from fire.
 Your items were somewhat protected from cold.
 You were poison resistant.
 You could jump.
 You were warded.
 Your spell casting was impaired by metallic armor.
 You were unlucky.
 Lugh was angry with you.
 You are dead (2nd time!).

Miscellaneous:
 You didn't encounter any bones levels.
 Total elapsed playing time was 49 minutes and 51 seconds.

Major events:
 Turn
    1: Drastanta the lawful male human Knight entered the dungeon
  940: attained the rank of Esquire (level 3)
 1802: entered the Gnomish Mines
 2868: reached Mine Town
 2881: attained the rank of Bachelor (level 6)
 4088: averted death (killed by a human mummy)
 4119: killed by falling down a mine shaft

Spells:
 Name                 Level Category     Fail Retention
 magic missile          2   attack       100%  76%-100%

Skills:
 Fighting Skills
   bare handed combat [Unskilled]
   two weapon combat  [Unskilled]
   riding             [Basic]
 Weapon Skills
   dagger             [Unskilled]
   knife              [Unskilled]
   axe                [Unskilled]
   pick-axe           [Unskilled]
   short sword        [Unskilled]
   broadsword         [Unskilled]
   long sword         [Skilled]
   two-handed sword   [Unskilled]
   saber              [Unskilled]
   club               [Unskilled]
   mace               [Unskilled]
   morning star       [Unskilled]
   flail              [Unskilled]
   hammer             [Unskilled]
   polearms           [Unskilled]
   spear              [Unskilled]
   trident            [Unskilled]
   lance              [Basic]
   bow                [Unskilled]
   crossbow           [Unskilled]
 Spellcasting Skills
   attack spells      [Unskilled]
   healing spells     [Unskilled]
   clerical spells    [Unskilled]

Voluntary challenges:
 Character rerolling was not enabled.
 You never genocided any monsters.
 You never polymorphed an object.
 You never changed form.
 You used no wishes.
Achievements:
 You attained the rank of Esquire.
 You entered the Gnomish Mines.
 You entered Minetown.
 You attained the rank of Bachelor.
 You entered a temple.
 You entered a shop.

 The Dungeons of Doom: levels 1 to 5
    Level 1:
    Level 2:
       A fountain.
    Level 3:
       Some fountains.
    Level 4:
       Some fountains.
       Stairs down to The Gnomish Mines.
    Level 5:
       A fountain.
 The Gnomish Mines: levels 5 to 11
    Level 5:
    Level 6:
    Level 7:
    Level 8:
       Many shops, a temple and an altar to Lugh, some fountains.
    Level 9:
    Level 10:
    Level 11: <- You were here.
       Final resting place for
          you, killed by falling down a mine shaft.


Vanquished creatures:
  a small mimic
  a warhorse
  a human mummy
  a watchman
  a giant spider
  a dust vortex
  a gnome mummy
  a snake
  a rock piercer
  a yellow light
  9 gnome leaders
  4 gnomish wizards
  2 dwarves
  2 homunculi
  2 giant bats
  a dwarf zombie
  a werejackal
  2 iguanas
  3 acid blobs
  3 coyotes
  2 hobbits
  a large kobold
  a giant rat
  a yellow mold
  a red mold
 31 gnomes
  a gecko
  2 jackals
  4 foxes
  2 kobolds
  a goblin
  6 lichens
  2 kobold zombies
  5 newts
99 creatures vanquished.

No species were genocided or became extinct.

Game over:
                       ----------
                      /          \
                     /    REST    \
                    /      IN      \
                   /     PEACE      \
                  /                  \
                  |    Drastanta     |
                  |      112 Au      |
                  |    killed by     |
                  |  falling down a  |
                  |    mine shaft    |
                  |                  |
                  |       2026       |
                 *|     *  *  *      | *
        _________)/\\_//(\/(/\)/\//\/|_)_______

Fare thee well Drastanta the Knight...

You died in The Gnomish Mines on dungeon level 11 with 3115 points,
and 112 pieces of gold, after 4119 moves.
You were level 6 with a maximum of 47 hit points when you died.

